[Event "Titled Tuesday Blitz October 31 Late 2023"]
[White "Sailer, Mike"]
[Black "Yeritsyan, Hayk"]
[WhiteFideId "2012901"]
[BlackFideId "13307320"]
[WhiteElo "2068"]
[BlackElo "2440"]
[Result "0-1"]
[Round "5"]
[TimeControl "180+1"]
[Date "2023.10.31"]
[WhiteClock "0:00:06"]
[BlackClock "0:00:20"]
[Board "107"]

1. g3 d5 2. Bg2 c6 3. c4 Nf6 4. Nf3 Bf5 5. O-O e6 6. d4 h6 7. Qb3 Qb6 8. c5 Qxb3 9. axb3 Nbd7 10. Nc3 a6 11. b4 Rc8 12. Ne5 Nxe5 13. dxe5 Nd7 14. f4 Be7 15. e4 Bh7 16. exd5 cxd5 17. Ne2 b6 18. cxb6 Nxb6 19. Rxa6 Nd7 20. Rd1 Bxb4 21. Nd4 O-O 22. Be3 Nc5 23. Rb6 Ba5 24. Rb5 Bd8 25. Bf1 Ne4 26. Ra1 Be7 27. Ra7 Bc5 28. Raa5 Bxd4 29. Bxd4 Rc1 30. Kg2 Rc2+ 31. Kg1 Rc1 32. Kg2 Bf5 33. Bd3 Rd1 34. Bxe4 Bxe4+ 35. Kh3 Rxd4 0-1


[Site "https://www.chess.com"]

[Event "Titled Tuesday Blitz October 31 Late 2023"]
[White "Elbebiber"]
[Black "Blanco Ronquillo, Humberto L."]
[BlackFideId "3504239"]
[WhiteElo "2166"]
[BlackElo "2715"]
[Result "0-1"]
[Round "5"]
[TimeControl "180+1"]
[Date "2023.10.31"]
[WhiteClock "0:01:35"]
[BlackClock "0:02:46"]
[Board "108"]

1. f4 Nf6 2. Nf3 g6 3. e3 Bg7 4. d4 O-O 5. Bd3 c5 6. c3 d6 7. O-O Nc6 8. dxc5 dxc5 9. Be2 Qc7 10. Qc2 Bf5 11. Bd3 Bxd3 12. Qxd3 e5 13. Na3 e4 14. Nb5 Qb6 0-1


[Site "https://www.chess.com"]

[Event "Titled Tuesday Blitz October 31 Late 2023"]
[White "Hambleton, Aman"]
[Black "Guha, Eshan"]
[WhiteFideId "2606577"]
[BlackFideId "30958628"]
[WhiteElo "2772"]
[BlackElo "2387"]
[Result "1-0"]
[Round "5"]
[TimeControl "180+1"]
[Date "2023.10.31"]
[WhiteClock "0:00:09"]
[BlackClock "0:00:03"]
[Board "109"]

1. d4 Nf6 2. Bf4 d5 3. e3 e6 4. Nf3 Bd6 5. Nbd2 O-O 6. Bd3 b6 7. Qe2 Bb7 8. Ne5 c5 9. c3 Nc6 10. Rd1 Ne7 11. O-O Qc7 12. h3 Ng6 13. Nxg6 hxg6 14. Bxd6 Qxd6 15. f4 Ne4 16. Nxe4 dxe4 17. Bb5 Bc6 18. Bxc6 Qxc6 19. Qc4 Rac8 20. d5 exd5 21. Qxd5 Rfe8 22. Qxc6 Rxc6 23. Rd7 a6 24. Rfd1 b5 25. R1d6 Re6 26. Rd8+ Kh7 27. R6d7 Rf6 28. g4 Rcd6 29. Rxd6 Rxd6 30. Rxd6 a5 31. g5 b4 1-0


[Site "https://www.chess.com"]

[Event "Titled Tuesday Blitz October 31 Late 2023"]
[White "NelsonLinda"]
[Black "Baghdasaryan, Vahe"]
[BlackFideId "13303139"]
[WhiteElo "2576"]
[BlackElo "2377"]
[Result "1-0"]
[Round "5"]
[TimeControl "180+1"]
[Date "2023.10.31"]
[WhiteClock "0:01:08"]
[BlackClock "0:00:00"]
[Board "110"]

1. b3 d5 2. Bb2 Nf6 3. g3 Bf5 4. d3 e6 5. Nd2 h6 6. Bg2 c6 7. e4 Bg6 8. Nh3 Bb4 9. Nf4 Bh7 10. e5 Nfd7 11. O-O Be7 12. Re1 O-O 13. h4 Na6 14. Nf3 Nc7 15. Nh5 a5 16. a4 b5 17. Nh2 Kh8 18. Bc1 bxa4 19. Rxa4 Nb6 20. Ra1 a4 21. bxa4 Nxa4 22. Qg4 g6 23. Bxh6 Rg8 24. Nf6 Bxf6 25. exf6 Nc5 26. Rxa8 Qxa8 27. Bg7+ Rxg7 28. fxg7+ Kg8 29. Qd4 Nd7 30. Ng4 e5 31. Rxe5 Nxe5 32. Qxe5 f6 33. Qxf6 1-0


[Site "https://www.chess.com"]

[Event "Titled Tuesday Blitz October 31 Late 2023"]
[White "jactorres"]
[Black "Kazakov, Mikhail"]
[BlackFideId "14102749"]
[WhiteElo "2505"]
[BlackElo "2367"]
[Result "0-1"]
[Round "5"]
[TimeControl "180+1"]
[Date "2023.10.31"]
[WhiteClock "0:00:05"]
[BlackClock "0:00:11"]
[Board "111"]

1. e4 e5 2. Nf3 Nc6 3. Bb5 a6 4. Ba4 Nf6 5. O-O Be7 6. Re1 b5 7. Bb3 d6 8. a4 Bb7 9. d3 b4 10. Nbd2 O-O 11. Nc4 h6 12. a5 Nd7 13. c3 Nc5 14. Bc2 Bf6 15. Ne3 bxc3 16. bxc3 g6 17. Nd5 Bg7 18. Be3 Ne6 19. Qd2 Kh7 20. Reb1 Bc8 21. d4 Ne7 22. Nb4 exd4 23. cxd4 c5 24. Na2 d5 25. Nc3 cxd4 26. Nxd4 Nxd4 27. Bxd4 dxe4 28. Bxe4 Qxd4 29. Qxd4 Bxd4 30. Bxa8 Bxc3 31. Ra3 Bf5 32. Rb7 Bf6 33. Rb6 Rxa8 34. Rxf6 Be6 35. Rff3 Rb8 36. Kf1 Rb5 37. Rfc3 Nd5 38. Rc6 Nb4 39. g3 Nxc6 0-1


[Site "https://www.chess.com"]

[Event "Titled Tuesday Blitz October 31 Late 2023"]
[White "Bazilius, Augustinas"]
[Black "Minina, Veronika"]
[WhiteFideId "12832251"]
[BlackFideId "4174780"]
[WhiteElo "2503"]
[BlackElo "2338"]
[Result "1-0"]
[Round "5"]
[TimeControl "180+1"]
[Date "2023.10.31"]
[WhiteClock "0:00:47"]
[BlackClock "0:00:01"]
[Board "112"]

1. d4 Nf6 2. c4 g6 3. Nc3 Bg7 4. e4 d6 5. h3 O-O 6. Be3 c5 7. d5 e6 8. Nf3 exd5 9. exd5 Re8 10. Bd3 Nbd7 11. O-O Ne5 12. Nxe5 Rxe5 13. Bf4 Re8 14. Nb5 Bf8 15. Bg5 a6 16. Bxf6 Qxf6 17. Nc7 Bf5 18. Nxa8 Rxa8 19. Qf3 Bg7 20. Bxf5 gxf5 21. b3 b5 22. Qd3 b4 23. a3 a5 24. axb4 cxb4 25. Ra2 Qc3 26. Qxc3 bxc3 27. b4 a4 28. c5 dxc5 29. bxc5 Kf8 30. Re1 Bd4 31. c6 Rd8 32. Rxa4 Rxd5 33. c7 Rc5 34. Ra8+ 1-0


[Site "https://www.chess.com"]

[Event "Titled Tuesday Blitz October 31 Late 2023"]
[White "Padalka, Artem"]
[Black "Tikhonov, Viacheslav"]
[WhiteFideId "14118637"]
[BlackFideId "44196407"]
[WhiteElo "2335"]
[BlackElo "2501"]
[Result "0-1"]
[Round "5"]
[TimeControl "180+1"]
[Date "2023.10.31"]
[WhiteClock "0:00:00"]
[BlackClock "0:00:07"]
[Board "113"]

1. e4 c5 2. Nf3 g6 3. d4 cxd4 4. Qxd4 Nf6 5. e5 Nc6 6. Qf4 Nd5 7. Qe4 Nb6 8. Nc3 d5 9. exd6 Qxd6 10. Bf4 Qb4 11. O-O-O Qxe4 12. Nxe4 Bg7 13. Bb5 O-O 14. Bxc6 bxc6 15. Nc5 Nd5 16. Be5 Bg4 17. Bxg7 Kxg7 18. Rd4 Bxf3 19. gxf3 e5 20. Re4 Rfe8 21. Rhe1 f6 22. Ra4 Re7 23. c3 Rb8 24. Ra6 Rb6 25. Ra5 g5 26. Re4 Rb5 27. Rea4 Rxa5 28. Rxa5 Kf7 29. Ne4 Ke6 30. Ra6 Rc7 31. a3 h6 32. c4 Nf4 33. b4 f5 34. Nc5+ Kd6 35. Kd2 h5 36. Nb3 Ne6 37. b5 Nc5 38. Nxc5 Kxc5 39. bxc6 Kxc4 40. Ra5 Kd4 41. Ra6 Kd5 42. Ra5+ Kd4 43. Ra6 g4 44. fxg4 hxg4 45. Ke2 f4 46. Ra5 Rxc6 47. Rxa7 Rc2+ 48. Kf1 Ke4 49. Ra4+ Kf3 50. Ke1 Re2+ 51. Kd1 Rxf2 52. Rb4 Rxh2 53. Rb3+ Ke4 54. Rb4+ Kd5 55. Rb5+ Kd4 56. a4 Ra2 57. a5 g3 0-1


[Site "https://www.chess.com"]

[Event "Titled Tuesday Blitz October 31 Late 2023"]
[White "Balla, Tamas-Kristof"]
[Black "Czerw, Dawid"]
[WhiteFideId "1208497"]
[BlackFideId "1145746"]
[WhiteElo "2328"]
[BlackElo "2482"]
[Result "1-0"]
[Round "5"]
[TimeControl "180+1"]
[Date "2023.10.31"]
[WhiteClock "0:00:30"]
[BlackClock "0:00:25"]
[Board "114"]

1. e4 c5 2. c3 g6 3. d4 cxd4 4. cxd4 Bg7 5. Nc3 d6 6. Nf3 Nf6 7. h3 O-O 8. Be3 a6 9. Bd3 b5 10. O-O Bb7 11. a3 Nbd7 12. Qd2 Rc8 13. Bh6 Nb6 14. Bxg7 Kxg7 15. Rfe1 e6 16. Rad1 Nc4 17. Bxc4 Rxc4 18. d5 e5 19. Qe3 Bc8 20. Nd2 Rc5 21. Nb3 Rc4 22. Na5 Rc7 23. Nc6 Qd7 24. f4 exf4 25. Qxf4 Nh5 26. Qe3 Bb7 27. Nd4 Re8 28. Rf1 Qd8 29. Kh1 Qh4 30. Rf3 Rce7 31. Rdf1 f5 32. Ne6+ Rxe6 33. dxe6 f4 34. Qb6 Re7 35. Qxd6 Ng3+ 36. Rxg3 fxg3 37. Nd5 Bxd5 38. exd5 Kh6 39. Qe5 Qc4 40. Re1 Re8 41. d6 Rf8 42. Qxg3 Rf1+ 43. Rxf1 Qxf1+ 44. Kh2 Qe2 45. d7 Qd2 46. Qh4+ Kg7 47. d8=Q 1-0


[Site "https://www.chess.com"]

[Event "Titled Tuesday Blitz October 31 Late 2023"]
[White "Zivic, Dragan"]
[Black "Tworuszka, Michal"]
[WhiteFideId "904740"]
[BlackFideId "1117858"]
[WhiteElo "2321"]
[BlackElo "2463"]
[Result "0-1"]
[Round "5"]
[TimeControl "180+1"]
[Date "2023.10.31"]
[WhiteClock "0:02:29"]
[BlackClock "0:02:30"]
[Board "115"]

1. c4 c5 2. Nc3 Nf6 3. Nf3 d5 4. cxd5 Nxd5 5. g3 Nc6 6. Bg2 Nc7 7. O-O e5 8. e3 Be7 9. b3 O-O 10. Bb2 Bf5 11. d3 Bxd3 0-1


[Site "https://www.chess.com"]

[Event "Titled Tuesday Blitz October 31 Late 2023"]
[White "Skaric, Djuro"]
[Black "Bilan, Danila"]
[WhiteFideId "934569"]
[BlackFideId "24161918"]
[WhiteElo "2313"]
[BlackElo "2460"]
[Result "0-1"]
[Round "5"]
[TimeControl "180+1"]
[Date "2023.10.31"]
[WhiteClock "0:01:11"]
[BlackClock "0:00:49"]
[Board "116"]

1. g3 d5 2. Bg2 Nf6 3. d3 c5 4. Nf3 Nc6 5. O-O Bg4 6. h3 Bh5 7. Nc3 e6 8. g4 Bg6 9. Bf4 Bd6 10. Bg5 h5 11. Bxf6 gxf6 12. e4 hxg4 13. Nd2 gxh3 14. Bf3 f5 15. Kh1 Qh4 16. Rg1 Nd4 17. exf5 Qxf2 18. Nf1 Nxf3 19. Rg4 Bxf5 20. Qe2 Qxe2 21. Nxe2 Bxg4 22. Ne3 f5 23. c4 d4 24. Nf1 Ne5 0-1


[Site "https://www.chess.com"]

[Event "Titled Tuesday Blitz October 31 Late 2023"]
[White "Shtivelband, Richard"]
[Black "Mmukka"]
[WhiteFideId "2017342"]
[WhiteElo "2311"]
[BlackElo "2455"]
[Result "0-1"]
[Round "5"]
[TimeControl "180+1"]
[Date "2023.10.31"]
[WhiteClock "0:00:01"]
[BlackClock "0:00:07"]
[Board "117"]

1. e4 c5 2. c3 d5 3. exd5 Qxd5 4. d4 Nf6 5. Nf3 e6 6. Be3 cxd4 7. cxd4 Nc6 8. Nc3 Qd6 9. g3 Be7 10. Bg2 O-O 11. O-O Rd8 12. Rc1 Qb4 13. Qe2 a6 14. Rfd1 Bd7 15. d5 exd5 16. Nxd5 Nxd5 17. Rxd5 Be6 18. Rxd8+ Rxd8 19. a3 Qb3 20. Ng5 Nd4 21. Bxd4 Bxg5 22. Be3 Bxe3 23. fxe3 h6 24. Rc7 b5 25. Bf3 Bc4 26. Qf2 Qd3 27. Bh5 Qb1+ 28. Kg2 Qe4+ 29. Bf3 Qe5 30. Rc6 a5 31. Qc2 Qxe3 32. Qf5 Qd2+ 33. Kh3 Be6 34. Rxe6 fxe6 35. Qxe6+ Kh8 36. Be4 Qd7 37. Qxd7 Rxd7 38. Bc6 Rd2 39. b4 axb4 40. axb4 Rb2 41. Bxb5 Rxb4 42. Be2 g6 43. Bd3 Kg7 44. Kg2 Kf6 45. h4 g5 46. hxg5+ hxg5 47. Kh3 Rd4 48. Bh7 Kg7 49. Bb1 Kf6 50. Bc2 Ke5 51. Bb1 Rd1 52. Bg6 Rd4 53. Bh7 Rb4 54. Bg6 Kf6 55. Bh7 Kg7 56. Bd3 Kh6 57. Bf5 Rd4 58. Be6 Kh5 59. Bf7+ Kh6 60. Be6 Re4 61. Bf5 Rb4 62. Bg4 Kg6 63. Be6 Kf6 64. Bd7 Ke5 65. Be8 Rd4 66. Bf7 Kf5 67. Bb3 g4+ 68. Kh4 Rd2 69. Bd5 Rh2# 0-1


[Site "https://www.chess.com"]

[Event "Titled Tuesday Blitz October 31 Late 2023"]
[White "Harriott, Tyrell"]
[Black "Manukian, Artak"]
[WhiteFideId "2086484"]
[BlackFideId "13301373"]
[WhiteElo "2308"]
[BlackElo "2451"]
[Result "1/2-1/2"]
[Round "5"]
[TimeControl "180+1"]
[Date "2023.10.31"]
[WhiteClock "0:00:08"]
[BlackClock "0:00:14"]
[Board "118"]

1. d4 d5 2. e3 Nf6 3. Bd3 Bg4 4. Ne2 e6 5. f4 c5 6. c3 Nc6 7. Nd2 Qb6 8. O-O Be7 9. Nf3 O-O 10. Ne5 Bf5 11. Ng3 Bxd3 12. Qxd3 g6 13. Nh1 Nxe5 14. fxe5 Ne4 15. Nf2 f5 16. b3 a5 17. Nh3 a4 18. Rb1 axb3 19. Rxb3 c4 20. Rxb6 cxd3 21. Rxb7 Rf7 22. a3 Nxc3 23. Nf4 Bg5 24. Rxf7 Kxf7 25. Nxd3 Ne2+ 26. Kf2 Nxc1 27. Rxc1 Rxa3 28. Rc7+ Kg8 29. Nf4 Bxf4 30. exf4 Rd3 31. Re7 Rxd4 32. Ke3 Re4+ 33. Kf3 d4 34. Rxe6 Re3+ 35. Kf2 Re4 36. g3 Kf7 37. Rd6 g5 38. Kf3 g4+ 39. Kf2 h5 40. Rf6+ Ke7 41. Rxf5 d3 42. Rf6 Rd4 43. Ke1 d2+ 44. Kd1 h4 45. Rg6 hxg3 46. hxg3 Rd8 47. f5 Rd5 48. Re6+ Kf7 49. Rf6+ Ke7 50. Re6+ Kf7 51. Rd6 Rxe5 52. f6 Re3 53. Kxd2 Rxg3 54. Ke2 Rf3 55. Rd4 Rxf6 56. Rxg4 Ke6 57. Ke3 Kd5 58. Kd3 Kc6 59. Kd4 Kd7 60. Ke5 Re6+ 61. Kd5 Rd6+ 62. Ke5 Rc6 63. Kd5 Rd6+ 64. Kc5 Re6 65. Kd5 Rd6+ 1/2-1/2


[Site "https://www.chess.com"]

[Event "Titled Tuesday Blitz October 31 Late 2023"]
[White "Arutla, Aditya"]
[Black "Szente Varga, Fruzsina"]
[WhiteFideId "30961998"]
[BlackFideId "712264"]
[WhiteElo "2449"]
[BlackElo "2302"]
[Result "0-1"]
[Round "5"]
[TimeControl "180+1"]
[Date "2023.10.31"]
[WhiteClock "0:01:13"]
[BlackClock "0:01:08"]
[Board "119"]

1. d4 Nf6 2. Bf4 g6 3. Nf3 Bg7 4. e3 O-O 5. Be2 d5 6. O-O c5 7. Nbd2 Nc6 8. c3 Ne4 9. Re1 cxd4 10. exd4 Bf5 11. Nh4 e5 12. Nxf5 exf4 13. Nxe4 dxe4 14. Nxg7 Kxg7 15. Bb5 Re8 16. d5 Qb6 17. dxc6 Qxb5 18. cxb7 Qxb7 19. Qd4+ Kg8 20. Rad1 Rad8 21. Qxd8 Rxd8 22. Rxd8+ Kg7 23. Rd2 f5 24. Red1 Kh6 25. Re2 Qa6 26. Red2 e3 27. fxe3 fxe3 28. Rc2 Qxa2 29. Re1 f4 30. g3 g5 31. gxf4 gxf4 32. Kg2 Qd5+ 33. Kg1 Qf3 34. Rg2 a5 35. Rf1 Qe4 36. Rg4 e2 37. Re1 Qe3+ 38. Kg2 f3+ 0-1


[Site "https://www.chess.com"]

[Event "Titled Tuesday Blitz October 31 Late 2023"]
[White "rikchessmx"]
[Black "ATM622"]
[WhiteElo "2296"]
[BlackElo "2446"]
[Result "0-1"]
[Round "5"]
[TimeControl "180+1"]
[Date "2023.10.31"]
[WhiteClock "0:01:46"]
[BlackClock "0:00:24"]
[Board "120"]

1. e4 c6 2. d4 d5 3. Nc3 dxe4 4. Nxe4 Bf5 5. Ng3 Bg6 6. Nf3 Nd7 7. Bd3 Bxd3 8. Qxd3 Ngf6 9. Bd2 e6 10. O-O-O Be7 11. Kb1 a5 12. c4 O-O 13. Bc3 a4 14. a3 b5 15. c5 Nd5 16. h4 N7f6 17. Ng5 Nxc3+ 18. bxc3 h6 19. Ka2 Qd5+ 20. Kb2 Qb3+ 21. Kc1 Qxa3+ 22. Kd2 b4 23. Rc1 Qb2+ 24. Rc2 bxc3+ 25. Ke2 Qb5 26. N5e4 Nd5 27. Nxc3 Nf4+ 28. Ke1 Qxd3 29. Rc1 Nxg2# 0-1


[Site "https://www.chess.com"]

[Event "Titled Tuesday Blitz October 31 Late 2023"]
[White "Schut, Han"]
[Black "Liu, Casper"]
[WhiteFideId "1005561"]
[BlackFideId "1454153"]
[WhiteElo "2294"]
[BlackElo "2444"]
[Result "1-0"]
[Round "5"]
[TimeControl "180+1"]
[Date "2023.10.31"]
[WhiteClock "0:00:53"]
[BlackClock "0:01:24"]
[Board "121"]

1. e4 c5 2. Nf3 e6 3. c4 g6 4. d4 cxd4 5. Nxd4 Bg7 6. Nb5 Ne7 7. Nd6+ Kf8 8. Nc3 Nbc6 9. Be3 a6 10. Qd2 Qa5 11. Be2 b5 12. cxb5 axb5 13. Ndxb5 d5 14. exd5 exd5 15. O-O Ba6 16. a4 d4 17. Nxd4 Bxd4 18. Bxd4 Rd8 19. Qh6+ 1-0


[Site "https://www.chess.com"]

[Event "Titled Tuesday Blitz October 31 Late 2023"]
[White "Rangel, Daniel"]
[Black "Cardozo Munar, Carlos Eduardo"]
[WhiteFideId "2124475"]
[BlackFideId "4409477"]
[WhiteElo "2443"]
[BlackElo "2260"]
[Result "1-0"]
[Round "5"]
[TimeControl "180+1"]
[Date "2023.10.31"]
[WhiteClock "0:01:22"]
[BlackClock "0:01:11"]
[Board "122"]

1. c4 e6 2. g3 d5 3. Bg2 c6 4. Nf3 Nf6 5. O-O Bd6 6. b3 Nbd7 7. Bb2 Qe7 8. d3 h5 9. Nbd2 a6 10. e4 e5 11. exd5 cxd5 12. Re1 h4 13. cxd5 hxg3 14. hxg3 Ng4 15. d4 Kf8 16. dxe5 Bc5 17. Ne4 Ba7 18. d6 Qe6 19. Bd4 Ndxe5 20. Bxa7 Qh6 21. Nxe5 Qh2+ 22. Kf1 Nxe5 23. Bc5 Bh3 24. d7+ Kg8 25. d8=Q+ Kh7 26. Qh4+ Kg8 27. Qxh3 Rxh3 28. Ng5 Rh5 29. Rxe5 f6 30. Qd5+ Kh8 31. Nf7+ Kh7 32. Rxh5+ 1-0


[Site "https://www.chess.com"]

[Event "Titled Tuesday Blitz October 31 Late 2023"]
[White "Slavin, Alexey"]
[Black "ChessLebaneseSalah"]
[WhiteFideId "24104388"]
[WhiteElo "2253"]
[BlackElo "2410"]
[Result "1-0"]
[Round "5"]
[TimeControl "180+1"]
[Date "2023.10.31"]
[WhiteClock "0:00:07"]
[BlackClock "0:00:04"]
[Board "123"]

1. e4 c5 2. g3 Nc6 3. Bg2 g6 4. Ne2 Bg7 5. Nbc3 e6 6. O-O Nge7 7. a3 O-O 8. Rb1 a5 9. d3 d5 10. exd5 exd5 11. Bf4 Be6 12. Nb5 Qd7 13. Nc7 Rad8 14. Nxe6 Qxe6 15. Nc3 Nd4 16. Re1 Qd7 17. Bg5 f6 18. Bd2 Rfe8 19. Bf4 b5 20. h3 b4 21. axb4 axb4 22. Ne2 Nec6 23. Nxd4 Nxd4 24. Qd2 Ne6 25. Bh6 Nd4 26. Bxg7 Kxg7 27. Kh2 Nc6 28. Ra1 Rxe1 29. Rxe1 Kf7 30. c3 bxc3 31. bxc3 Ne7 32. Qh6 Kg8 33. Qe3 Nf5 34. Qxc5 h5 35. c4 dxc4 36. dxc4 Kg7 37. Bd5 Rc8 38. Qa3 Qc7 39. Qf3 Qc5 40. Kg2 Rb8 41. Qf4 Rb2 42. Re8 Qd4 43. Qxd4 Nxd4 44. Re7+ Kh6 45. Re4 Nf5 46. Rf4 Rc2 47. h4 Ne3+ 48. Kf3 Nxd5 49. cxd5 Rd2 50. Rxf6 Rxd5 51. Kg2 Rd8 52. Rc6 Rg8 53. f3 Kh7 54. g4 hxg4 55. fxg4 Re8 56. Rc7+ Kh8 57. Kf3 Rf8+ 58. Kg3 Re8 59. Rc6 Kh7 60. Kf4 Rf8+ 61. Kg5 Re8 62. Rc7+ Kh8 63. Kxg6 Rg8+ 64. Kh5 Re8 65. g5 Rd8 66. Kh6 Rg8 67. Rh7# 1-0


[Site "https://www.chess.com"]

[Event "Titled Tuesday Blitz October 31 Late 2023"]
[White "Clawitter, Craig"]
[Black "el_sporco"]
[WhiteFideId "2023105"]
[WhiteElo "2232"]
[BlackElo "2409"]
[Result "0-1"]
[Round "5"]
[TimeControl "180+1"]
[Date "2023.10.31"]
[WhiteClock "0:00:03"]
[BlackClock "0:00:11"]
[Board "124"]

1. e4 c5 2. Nf3 d6 3. d4 cxd4 4. Nxd4 Nf6 5. Nc3 a6 6. Be3 e5 7. Nb3 Be7 8. f3 Be6 9. Qd2 O-O 10. O-O-O Nc6 11. g4 a5 12. Bb5 Qc7 13. g5 Nd7 14. Nd5 Bxd5 15. exd5 Nb4 16. a3 Na6 17. Kb1 Nac5 18. h4 Rac8 19. Qxa5 Qb8 20. Nxc5 Nxc5 21. h5 f5 22. gxf6 Bxf6 23. Qd2 e4 24. Bd4 exf3 25. Bxf6 Rxf6 26. h6 g6 27. Qg5 Rcf8 28. Rhf1 Qd8 29. Qd2 Ne4 30. Qe3 Ng3 31. Rf2 Nf5 32. Qxf3 Nd4 33. Qxf6 Rxf6 34. Rxf6 Qxf6 35. Rxd4 Qxd4 0-1


[Site "https://www.chess.com"]

[Event "Titled Tuesday Blitz October 31 Late 2023"]
[White "Alfaro, William"]
[Black "Mushini Ajay"]
[WhiteFideId "6100457"]
[BlackFideId "35066188"]
[WhiteElo "2192"]
[BlackElo "2408"]
[Result "0-1"]
[Round "5"]
[TimeControl "180+1"]
[Date "2023.10.31"]
[WhiteClock "0:00:00"]
[BlackClock "0:00:15"]
[Board "125"]

1. e4 c6 2. d4 d5 3. exd5 cxd5 4. c4 Nf6 5. Nc3 Nc6 6. Nf3 g6 7. cxd5 Nxd5 8. Bc4 Nxc3 9. bxc3 Bg7 10. O-O O-O 11. h3 Qc7 12. Bb3 Bf5 13. Ba3 Rfd8 14. Re1 e5 15. d5 e4 16. Nd4 Nxd4 17. cxd4 Qa5 18. Be7 Rxd5 19. Bxd5 Qxd5 20. Qb3 Qxb3 21. axb3 Bxd4 22. Ra4 Bb6 23. Bf6 Bd7 24. Raxe4 Be6 25. b4 Rc8 26. Bd4 Bd8 27. Bxa7 b6 28. Rxe6 fxe6 29. Rxe6 Kf7 30. Re2 Ra8 31. Ra2 Bc7 32. Ra6 Bb8 33. Rxb6 Bxa7 34. Rb7+ Kg8 35. g3 Bd4 36. Kg2 Ra2 37. Kf3 Rxf2+ 38. Ke4 Bg7 39. b5 Rb2 40. Rb8+ Kf7 41. Rb7+ Kg8 42. Rb8+ Kf7 43. Rb7+ Kf6 44. Rb6+ Kg5 45. Rb7 Kh6 46. Kd5 Rb3 47. Kc6 Rxg3 48. b6 Rb3 49. Rd7 Be5 50. Re7 Bh2 51. Re2 Bf4 52. Re4 g5 53. Kb7 Kh5 54. Ka7 Kh4 55. b7 h5 56. Ka8 Kxh3 57. Ka7 h4 0-1


[Site "https://www.chess.com"]

[Event "Titled Tuesday Blitz October 31 Late 2023"]
[White "Lopez Idarraga, Daniel Eduardo"]
[Black "Petersson, Kjell"]
[WhiteFideId "4405501"]
[BlackFideId "1705148"]
[WhiteElo "2404"]
[BlackElo "2157"]
[Result "1-0"]
[Round "5"]
[TimeControl "180+1"]
[Date "2023.10.31"]
[WhiteClock "0:00:28"]
[BlackClock "0:00:02"]
[Board "126"]

1. d4 f5 2. g4 fxg4 3. h3 g3 4. fxg3 Nf6 5. Nf3 d5 6. Bg2 c5 7. O-O cxd4 8. Nxd4 Nc6 9. Kh2 e5 10. Nxc6 bxc6 11. e4 dxe4 12. Qxd8+ Kxd8 13. Nc3 Nd5 14. Nxe4 Be7 15. Rd1 Kc7 16. a3 Bf5 17. c4 Nf6 18. Bg5 Rhd8 19. b4 h6 20. Bxf6 gxf6 21. g4 Be6 22. c5 Bd5 23. Ng3 a5 24. Rab1 axb4 25. axb4 Rab8 26. Nf5 Bf8 27. Rdc1 Bxg2 28. Kxg2 Rd2+ 29. Kg3 Rd3+ 30. Kh4 Ra8 31. Rd1 Rxd1 32. Rxd1 Rb8 33. Kh5 Rxb4 34. Nxh6 Bxc5 35. Rf1 Rf4 36. Rc1 Bd4 37. Nf5 c5 38. Nxd4 exd4 39. Rxc5+ Kd6 40. Rc8 Re4 41. h4 Ke5 42. Rd8 Kf4 43. g5 fxg5 44. hxg5 Kf5 45. g6 Rf4 46. Rf8+ Ke5 47. Rxf4 Kxf4 48. g7 d3 49. g8=Q d2 50. Qg4+ Ke3 51. Qd1 Kd3 52. Kg4 1-0


[Site "https://www.chess.com"]

[Event "Titled Tuesday Blitz October 31 Late 2023"]
[White "VitaliyChayka"]
[Black "Friedland, Moshe"]
[BlackFideId "2812843"]
[WhiteElo "2154"]
[BlackElo "2396"]
[Result "0-1"]
[Round "5"]
[TimeControl "180+1"]
[Date "2023.10.31"]
[WhiteClock "0:00:09"]
[BlackClock "0:00:16"]
[Board "127"]

1. d4 Nf6 2. Bf4 c5 3. e3 Qb6 4. Nc3 cxd4 5. exd4 e6 6. a3 Nc6 7. Nf3 a6 8. Be2 d5 9. O-O Bd7 10. h3 Rc8 11. Na4 Qa5 12. Nc3 Be7 13. b4 Qd8 14. Qd3 O-O 15. Rfe1 Na7 16. Ne5 Be8 17. Bf3 Nb5 18. Ne2 Nd6 19. Ng3 Bb5 20. Qd1 Nc4 21. Nxc4 Bxc4 22. Be5 Qd7 23. Re3 Qa4 24. Rc3 Nd7 25. Bf4 Bb5 26. Qd2 Nb6 27. Nh5 Rxc3 28. Qxc3 Rc8 29. Qe3 Qxc2 30. Bg5 Bf8 31. Kh2 Qd3 32. Qf4 Nc4 33. Re1 Bd6 34. Re3 Bxf4+ 35. Bxf4 Nxe3 36. Bxe3 Qxa3 37. Ng3 Qxb4 38. h4 a5 39. Kh3 a4 40. Bg4 a3 41. Bf3 a2 42. Bg4 a1=Q 43. Bf3 Qac3 0-1


[Site "https://www.chess.com"]

[Event "Titled Tuesday Blitz October 31 Late 2023"]
[White "Freeeeeeeeeeeeeeeeee"]
[Black "FuenfgegenWilly"]
[WhiteElo "2037"]
[BlackElo "2394"]
[Result "1/2-1/2"]
[Round "5"]
[TimeControl "180+1"]
[Date "2023.10.31"]
[WhiteClock "0:00:20"]
[BlackClock "0:00:04"]
[Board "128"]

1. e4 Na6 2. Na3 Nh6 3. Nh3 g6 4. g3 d5 5. e5 Bg7 6. d4 c5 7. c3 O-O 8. Bg2 f6 9. O-O Nc7 10. f4 Bxh3 11. Bxh3 f5 12. dxc5 Qd7 13. Be3 Nf7 14. Nc2 Nd8 15. b4 Nde6 16. Bg2 Rfd8 17. Nd4 Nxd4 18. cxd4 e6 19. a4 Bf8 20. Qd3 Rdc8 21. Rfc1 Ne8 22. b5 Rc7 23. h3 a6 24. b6 Rc6 25. a5 h6 26. Bf3 Kf7 27. Bd1 Ng7 28. Ba4 Be7 29. Bxc6 Qxc6 30. Qd1 Ke8 31. Qa4 Kd7 32. Qxc6+ Kxc6 33. Kf2 Rh8 34. Rg1 h5 35. Rg2 Kb5 36. c6 bxc6 37. Kf3 c5 38. Rb2+ Kc6 39. dxc5 Rb8 40. Rab1 Rb7 41. g4 fxg4+ 42. hxg4 hxg4+ 43. Kxg4 Nf5 44. Bf2 d4 45. Rc1 Rb8 46. Kf3 Rb7 47. Ke4 Bd8 48. Bxd4 Rd7 49. Rc4 Ng3+ 50. Kf3 Nf5 51. Bf2 Rd3+ 52. Kg2 Rd7 53. b7 Rxb7 54. Rxb7 Kxb7 55. c6+ Kc8 56. Bb6 Be7 57. c7 g5 58. fxg5 Bxg5 59. Rg4 Ne3+ 60. Bxe3 Bxe3 61. Rg7 Bd4 62. Re7 Bxe5 63. Rxe6 Bxc7 64. Rxa6 Kb7 65. Rh6 Bxa5 66. Kf3 Bc7 67. Ke4 Ka8 68. Kd5 Bb8 69. Kc6 Bf4 70. Rh7 Bg3 71. Rf7 Bh2 72. Rf1 Ka7 73. Ra1+ Kb8 74. Rb1+ Ka7 75. Rh1 Bg3 76. Rh7+ Ka8 77. Rh3 Bf4 78. Rf3 Be5 79. Kb6 Bd4+ 80. Kc6 Be5 81. Re3 Bd4 82. Re7 Bf2 83. Rd7 Bg1 84. Kb5 Bf2 85. Ka6 Kb8 86. Rf7 Be3 87. Kb5 Bd4 88. Rf4 Be3 89. Re4 Bf2 90. Kc6 Ka7 91. Ra4+ Kb8 92. Rf4 Be3 93. Rf8+ Ka7 94. Re8 Bf2 95. Re2 Bg1 96. Kc7 Ka6 97. Kc6 Ka7 98. Ra2+ Kb8 99. Rb2+ Ka7 100. Kb5 Kb7 101. Kc4+ Ka8 102. Kd5 Be3 103. Kd6 Ka7 104. Re2 Bd4 105. Kd5 Bg1 106. Kc6 Bd4 107. Kc7 Bb6+ 108. Kc6 Bd4 109. Ra2+ Kb8 110. Rd2 Be3 111. Rd7 Bf2 112. Rb7+ Ka8 113. Rf7 Be3 114. Rf8+ Ka7 115. Rf3 Bd4 1/2-1/2


[Site "https://www.chess.com"]

[Event "Titled Tuesday Blitz October 31 Late 2023"]
[White "Gyulamiryan-koryun"]
[Black "Gerbelli Neto, Eduardo"]
[BlackFideId "2103281"]
[WhiteElo "1908"]
[BlackElo "2393"]
[Result "0-1"]
[Round "5"]
[TimeControl "180+1"]
[Date "2023.10.31"]
[WhiteClock "0:00:00"]
[BlackClock "0:01:13"]
[Board "129"]

1. e4 e5 2. f4 Nc6 3. Nf3 f5 4. Nc3 fxe4 5. Nxe4 d5 6. Neg5 e4 7. Qe2 Be7 8. Nh4 Nf6 9. d3 Bg4 10. Qf2 O-O 11. Be2 Bxe2 12. Qxe2 Nd4 13. Qf2 Bc5 14. Be3 Ng4 15. Bxd4 Nxf2 16. Bxc5 Nxh1 17. O-O-O Rxf4 18. Ne6 Qxh4 19. g3 Nxg3 20. hxg3 Qxg3 21. Nxc7 Rc8 22. Ne6 Rf6 23. dxe4 Rxe6 24. exd5 Re1 25. Bb4 Qe3+ 0-1


[Site "https://www.chess.com"]